 Dungeon Crawl Stone Soup version 0.26-a0-800-g517d6fe721 (webtiles) character file.

Game seed: 6126391086004795877

859 Peloso the Covered (level 7, -1/61 HPs)
             Began as a Minotaur Fighter on Nov 11, 2020.
             Killed from afar by a catoblepas (4 damage)
             ... with a blast of calcifying dust
             ... while petrified by you
             ... on level 5 of the Dungeon.
             The game lasted 00:09:52 (3947 turns).

Peloso the Covered (Minotaur Fighter)               Turns: 3947, Time: 00:09:53

Health: -1/61      AC: 15    Str: 21    XL:     7   Next: 71%
Magic:  6/6        EV:  2    Int:  5    God:
Gold:   116        SH:  0    Dex: 11    Spells: 6/6 levels left

rFire    + . .     SeeInvis .   b - +9 dagger "Mikholir" {venom, rF+}
rCold    . . .     Faith    .   c - +0 kite shield
rNeg     + + +     Spirit   .   w - +0 chain mail
rPois    ∞         Reflect  .   i - +1 hat
rElec    .         Harm     .   (no cloak)
rCorr    +         Rampage  .   (no gloves)
MR       .....                  (no boots)
Stlth    ..........             (no amulet)
HPRegen  0.20/turn              e - ring of resist corrosion
MPRegen  0.10/turn              o - +4 ring of protection

@: petrified, hasted
A: retaliatory headbutt, horns 2
a: no special abilities


You were on level 5 of the Dungeon.
You visited 2 branches of the dungeon, and saw 6 of its levels.

You collected 200 gold pieces.
You spent 84 gold pieces at shops.

Inventory:

Hand Weapons
 a - a +0 long sword
 b - the +9 dagger "Mikholir" (weapon) {venom, rF+}
   (You found it on level 4 of the Dungeon)

   It poisons the flesh of those it strikes.
   It protects you from fire.
Armour
 c - a +0 kite shield (worn)
 i - a +1 hat (worn)
 n - a +0 scale mail
 w - a +0 chain mail (worn)
Jewellery
 e - a ring of resist corrosion (left hand)
 o - a +4 ring of protection (right hand)
Wands
 s - a wand of flame (13)
Scrolls
 f - 6 scrolls of remove curse
 g - a scroll of teleportation
 h - 2 scrolls of random uselessness
 k - 2 scrolls of magic mapping
 l - 3 scrolls of immolation
 r - 2 scrolls of identify
Potions
 d - a potion of might
 j - 4 potions of brilliance
 p - a potion of resistance {unknown}
 q - 6 potions of curing
 t - a potion of mutation {unknown}
 u - a potion of berserk rage {unknown}
 v - 2 potions of heal wounds {unknown}
 x - a potion of lignification {unknown}


   Skills:
 + Level 5.4 Fighting
 + Level 2.7(4.4) Short Blades
 + Level 5.9(6.3) Long Blades
 + Level 6.0 Armour
 + Level 1.5 Dodging
 + Level 0.6 Stealth
 + Level 5.9 Shields


You had 6 spell levels left.
You didn't know any spells.
Your spell library was empty.

Dungeon Overview and Level Annotations

Branches:
Dungeon (5/15)             Temple (1/1) D:4

Altars:
Ashenzari
Cheibriados
Dithmenos
Elyvilon
Fedhas
Hepliaklqana
Kikubaaqudgha
Makhleb
Nemelex Xobeh
Qazlal
Ru
Sif Muna
Trog
Wu Jian
Xom
Yredelemnul
The Shining One

Shops:
D:4 ?


Innate Abilities, Weirdness & Mutations

You reflexively headbutt those who attack you in melee.
You have a pair of horns on your head.


Message History

You are slowing down.
You hit the catoblepas.
The catoblepas looks as sick as possible!
Your headbutt misses the catoblepas.
The catoblepas is lightly wounded.
You are engulfed in calcifying dust.
The catoblepas gores you!
Unknown command.
You hit the catoblepas but do no damage.
The catoblepas looks as sick as possible!
The catoblepas is moderately wounded.
You are engulfed in calcifying dust.
Your limbs have turned to stone.
The catoblepas gores you!!
* * * LOW HITPOINT WARNING * * *
You have turned to stone.
You are engulfed in calcifying dust.
The catoblepas gores you!!
* * * LOW HITPOINT WARNING * * *
You are engulfed in calcifying dust.
The catoblepas breathes a plume of calcifying dust at you.
The blast of calcifying dust hits you!
You die...

#.. . #....#. #... .
#....#. #... #.
#....#. #.... B#
#....#. #....# .##
##....#. #...$#
r.####. ##....###
#....#.oB....##....##
#..Y### ###...###
###.@.####...###
###§)†...### ########


You could see a catoblepas (extremely poisoned).

Vanquished Creatures
  Prince Ribbit (D:5)
  A necrophage (D:5)
  A centaur zombie (D:5)
  2 bullfrog zombies (D:4)
  An orc priest (D:3)
  A centaur skeleton (D:4)
  Jessica (D:2)
  2 orc wizards
  2 worker ants
  A hound zombie (D:4)
  A worker ant zombie (D:4)
  4 gnolls (D:3)
  10 adders
  2 white imps (D:5)
  An ufetubus (D:5)
  3 oozes
  2 adder skeletons (D:4)
  5 worms
  A dart slug (D:1)
  6 leopard geckos
  5 orcs
  5 bats
  5 giant cockroaches
  7 goblins (D:1)
  10 hobgoblins
  4 kobolds
  4 quokkas
  6 frilled lizards
  A giant cockroach zombie (D:4)
  A quokka zombie (D:5)
  10 rats
106 creatures vanquished.

Vanquished Creatures (others)
  A withered plant (D:4)
1 creature vanquished.

Grand Total: 107 creatures vanquished

Notes
Turn   | Place    | Note
-------+----------+-------------------------------------------
     0 | D:1      | Peloso the Minotaur Fighter began the quest for the Orb.
     0 | D:1      | Reached XP level 1. HP: 19/19 MP: 0/0
    85 | D:1      | Reached XP level 2. HP: 27/27 MP: 1/1
   117 | D:1      | Reached skill level 4 in Armour
   356 | D:1      | Reached XP level 3. HP: 33/33 MP: 2/2
  1172 | D:2      | Noticed Jessica
  1176 | D:2      | Killed Jessica
  1176 | D:2      | Reached XP level 4. HP: 40/40 MP: 3/3
  1262 | D:2      | Found a shimmering altar of Xom.
  1263 | D:2      | Found a shimmering altar of Xom.
  1264 | D:2      | Found a shimmering altar of Xom.
  1265 | D:2      | Found a shimmering altar of Xom.
  1265 | D:2      | Found a shimmering altar of Xom.
  1753 | D:3      | Reached XP level 5. HP: 42/47 MP: 4/4
  2378 | D:4      | Reached skill level 5 in Armour
  2385 | D:4      | Reached skill level 1 in Dodging
  2385 | D:4      | Reached skill level 5 in Shields
  2385 | D:4      | Reached XP level 6. HP: 48/53 MP: 5/5
  2458 | D:4      | Reached skill level 5 in Fighting
  2474 | D:4      | Got a masterwork dagger
  2482 | D:4      | Identified the +9 dagger "Mikholir" {venom, rF+} (You found
                  | it on level 4 of the Dungeon)
  2608 | D:4      | Reached skill level 5 in Long Blades
  2703 | D:4      | Found a staircase to the Ecumenical Temple.
  2712 | Temple   | Entered the Ecumenical Temple
  2947 | D:4      | Found a shimmering blue altar of Sif Muna.
  2947 | D:4      | Found a burning altar of Makhleb.
  3020 | D:4      | Found a glowing drain.
  3225 | D:4      | Found Zolobi's Magic Scroll Emporium.
  3233 | D:4      | Bought a scroll of magic mapping for 42 gold pieces
  3233 | D:4      | Bought a scroll of magic mapping for 42 gold pieces
  3551 | D:5      | Entered Level 5 of the Dungeon
  3558 | D:5      | Noticed Prince Ribbit
  3586 | D:5      | Killed Prince Ribbit
  3586 | D:5      | Reached skill level 1 in Short Blades
  3586 | D:5      | Reached XP level 7. HP: 56/61 MP: 6/6
  3758 | D:5      | Reached skill level 6 in Armour
  3895 | D:5      | Noticed a catoblepas
  3946 | D:5      | HP: 3/61 [catoblepas (11)]
  3947 | D:5      | Killed from afar by a catoblepas

Illustrated notes

Levels and vault maps discovered:
D:1:      minmay_arrival_arboretum_small, layout_basic, serial_curves,
          eino_curves_04, eino_curves_01
D:2:      layout_basic, xom_redecorated, uniq_jessica
D:3:      layout_basic
D:4:      layout_basic, amethyst_overflow_temple_binary,
          minmay_temple_entry_mist, serial_undead, serial_undead_c,
          serial_undead_b, serial_undead_d, serial_undead_c, serial_shops,
          nicolae_shop_waterfront, cheibrodos_sewer_entry_bend
D:5:      layout_rooms, nzn_random_ring, uniq_prince_ribbit1
Temple:   nicolae_temple_great_sept

Skill      XL: |  1  2  3  4  5  6  7 |
---------------+----------------------+-----
Armour         | 4 5 6 |  6.0
Shields        | 4 5 |  5.9
Fighting       | 4 5 |  5.4
Long Blades    | 3 4 5 |  5.9
Dodging        | 1 |  1.5
Short Blades   | 1 2 |  2.7
Stealth        | |  0.6

Action                   |  1- 3 |  4- 6 |  7- 9 || total
-------------------------+-------+-------+-------++-------
Melee: Long sword        |    67 |    98 |       ||   165
       Headbutt          |    13 |    34 |     5 ||    52
       Dagger            |       |    62 |    50 ||   112
  Use: Scroll            |       |    11 |       ||    11
       Potion            |       |     2 |     1 ||     3
Armor: Scale mail        |    24 |    62 |       ||    86
       Chain mail        |       |    11 |    17 ||    28
Dodge: Dodged            |    31 |    32 |     8 ||    71
Block: Kite shield       |    26 |    63 |    16 ||   105
       Rpst.: Long sword |    10 |     6 |       ||    16

Table legend: (Time is in decaauts)
 A = Elapsed time spent in this place.
 B = Non-inter-level travel time spent in this place.
 C = Inter-level travel time spent in this place.
 D = Time resting spent in this place.
 E = Time spent auto-exploring this place.
 F = Levels seen in this place.
 G = Mean time per level.
                   A        B        C        D        E       F      G
               +--------+--------+--------+--------+--------+-----+--------+
         Total |   3991 |   3915 |     76 |      0 |   2737 |   6 |  665.2 |
       Dungeon |   3927 |   3851 |     76 |      0 |   2737 |   5 |  785.4 |
        Temple |     64 |     64 |      0 |      0 |      0 |   1 |   64.0 |
               +--------+--------+--------+--------+--------+-----+--------+

Top non-repeatable levels by time:
     D:4: 1199 daAuts
     D:1: 942 daAuts
     D:3: 908 daAuts
     D:2: 492 daAuts
     D:5: 385 daAuts
  Temple: 64 daAuts
